 Dungeon Crawl Stone Soup version 0.28.0-43-g3370ac3207 (webtiles) character file.

Game seed: 1240346362096529090

4981 terff the Cleaver (level 10, -12/129 HPs)
             Began as a Hill Orc Fighter on Apr 1, 2022.
             Was a Follower of Okawaru.
             Mangled by a slime creature (15 damage)
             ... on level 8 of the Dungeon.
             The game lasted 00:13:02 (6877 turns).

terff the Cleaver (Hill Orc Fighter)                Turns: 6877, Time: 00:13:04

Health: -12/129    AC: 19    Str: 20    XL:     10   Next: 53%
Magic:  10/10      EV:  6    Int:  8    God:    Okawaru [*.....]
Gold:   266        SH: 11    Dex: 14    Spells: 9/9 levels left

rFire   + . .      SeeInvis .   e - +8 war axe of Mutilation {flame, rC+}
rCold   + . .      Faith    .   c - +0 buckler
rNeg    . . .      Spirit   .   d - +3 plate armour of Ghostly Creativity {Harm Rampage rCorr}
rPois   .          Reflect  +   (no helmet)
rElec   .          Harm     +   (no cloak)
rCorr   +          Rampage  +   (no gloves)
Will    .....                   m - +1 pair of boots
Stlth   ..........              b - amulet of reflection
HPRegen 0.31/turn               r - ring of protection from fire
MPRegen 0.12/turn               (no ring)

@: berserking, very quick
A: no striking features
a: Renounce Religion, Heroism


You were on level 8 of the Dungeon.
You worshipped Okawaru.
Okawaru was aware of your devotion.
You visited 2 branches of the dungeon, and saw 9 of its levels.

You collected 350 gold pieces.
You spent 84 gold pieces at shops.

Inventory:

Hand Weapons
 e - the +8 war axe of Mutilation (weapon) {flame, rC+}
   (You acquired it on level 5 of the Dungeon)

   It burns those it strikes, dealing additional fire damage.
   Big, fiery blades are also staple armaments of hydra-hunters.
   rC:        It protects you from cold.
Armour
 c - a +0 buckler (worn)
 d - the +3 plate armour of Ghostly Creativity (worn) {Harm Rampage rCorr}
   (You found it on level 6 of the Dungeon)

   rCorr:     It protects you from acid and corrosion.
   Harm:      It increases damage dealt and taken.
   Rampage:   It bestows one free step when moving towards enemies.
 f - a +0 plate armour
 m - a +1 pair of boots (worn)
Jewellery
 b - an amulet of reflection (around neck)
 r - a ring of protection from fire (left hand)
Wands
 g - a wand of digging (5)
 i - a wand of polymorph (5)
 j - a wand of mindburst (22)
 l - a wand of acid (11)
 u - a wand of iceblast (7)
 x - a wand of paralysis (15)
Scrolls
 p - 2 scrolls of amnesia
 t - 2 scrolls of magic mapping
 y - a scroll of identify
 z - a scroll of enchant armour
Potions
 h - 3 potions of curing
 k - 3 potions of flight
 n - a potion of ambrosia
 s - 2 potions of magic
 v - a potion of degeneration
 w - a potion of might


   Skills:
 + Level 7.5 Fighting
 + Level 14.0 Axes
 + Level 8.3 Armour
 + Level 1.1 Dodging
 + Level 1.5 Stealth
 + Level 7.0 Shields
 + Level 0.4 Evocations


You had 9 spell levels left.
You didn't know any spells.
Your spell library contained the following spells:

 Spells                   Type           Power      Damage    Failure   Level
 Blink                    Tloc           0%         N/A       100%        2
 Lesser Beckoning         Tloc           0%         N/A       100%        3
 Stone Arrow              Conj/Erth      0%         3d7       100%        3
 Manifold Assault         Tloc           0%         N/A       100%        5
 Lehudib's Crystal Spear  Conj/Erth      0%         10d2      100%        8
 Animate Armour           Summ/Erth      Unusable   N/A       N/A         4

Dungeon Overview and Level Annotations

Branches:
Dungeon (8/15)             Temple (1/1) D:7
   Lair: D:8-11

Altars:
Ashenzari
Cheibriados
Dithmenos
Elyvilon
Fedhas
Gozag
Hepliaklqana
Kikubaaqudgha
Makhleb
Nemelex Xobeh
Okawaru
Qazlal
Ru
Sif Muna
Trog
Uskayaw
Vehumet
Wu Jian
Xom
Yredelemnul
Zin
The Shining One
Jiyva

Shops:
D:7 ?

Annotations:
D:8 2 transporters, Maggie, Prince Ribbit


Message History

You block the slime creature's attack.
You slash the great orb of eyes! You burn the great orb of eyes.
The great orb of eyes is moderately wounded.
You hit the slime creature. You burn the slime creature.
You kill the slime creature!
Okawaru accepts your kill.
You can now gain great but temporary skills.
You slice the large slime creature!! You burn the large slime creature!
You completely miss the slime creature. You barely miss the slime creature.
A large slime creature splits.
The great orb of eyes barely misses you.
Okay, then.
You hit the great orb of eyes but do no damage.
The great orb of eyes is moderately wounded.
You slash the slime creature! You burn the slime creature.
You slash the slime creature! You burn the slime creature.
You slash the slime creature! You burn the slime creature.
You slice the slime creature!! You burn the slime creature.
You kill the slime creature!
Okawaru accepts your kill. The slime creature closely misses you.
You block the slime creature's attack. The slime creature barely misses you.
You slash the great orb of eyes! You burn the great orb of eyes.
The great orb of eyes is heavily wounded.
You slice the slime creature!! You burn the slime creature.
You kill the slime creature!
Okawaru accepts your kill.
You slash the slime creature! You burn the slime creature.
You barely miss the slime creature.
The great orb of eyes bites you but does no damage.
Your Axes skill increases to level 14!
Your Shields skill increases to level 7!
You hit the great orb of eyes. You burn the great orb of eyes.
The great orb of eyes is severely wounded.
You slash the slime creature! You burn the slime creature.
You slash the slime creature! You burn the slime creature.
You kill the slime creature!
Okawaru accepts your kill. The slime creature hits you!
You die...

. #..g....# . ##@#
########.## ##......#.#
##.####.##..
##.####.####### ##
##.#......###.###.##
......#.#.##..#.#=.##
##......#.#....J@...#
########..###..GJ.###..#
# #.©##..._..©# # ###
#..###.....###. .§#
#..#©......? .# ≈#####
#.###..#.#.}# #
##⌠#⌠###.# ##/## .##
#≈≈≈≈≈##.## ### ##
#≈...§##..#


You could see a great orb of eyes and 2 slime creatures.

Vanquished Creatures
  An ugly thing (D:8)
  Joseph (D:7)
  A komodo dragon (D:6)
  Grinder (D:4)
  4 slime creatures (D:8)
  Sigmund (D:2)
  A vampire (D:7)
  A water moccasin (D:8)
  An ice beast (D:6)
  4 black bears (D:6)
  2 necrophages
  4 sky beasts (D:6)
  3 ogres
  3 centaurs
  A phantom (D:5)
  A kobold brigand (D:7)
  2 bullfrogs
  2 scorpions
  A water moccasin skeleton (D:6)
  6 killer bees (D:7)
  A bullfrog zombie (D:6)
  4 jellies
  A centaur zombie (D:8)
  4 hounds
  An orc priest (D:5)
  A bullfrog skeleton (D:6)
  Terence (D:2)
  An iguana (D:6)
  3 orc wizards
  7 adders
  A shadow imp (D:7)
  2 white imps (D:6)
  An ufetubus (D:7)
  4 adder skeletons
  A worm (D:2)
  A dart slug (D:3)
  11 orcs
  4 bats
  3 endoplasms
  3 giant cockroaches
  A goblin (D:1)
  10 hobgoblins
  11 jackals
  14 kobolds
  5 quokkas
  5 ball pythons
  6 frilled lizards
  A jackal zombie (D:3)
  A quokka skeleton (D:3)
  5 rats
155 creatures vanquished.

Vanquished Creatures (collateral kills)
  A phantom (D:6)
1 creature vanquished.

Vanquished Creatures (others)
  49 fungi
  56 plants
  10 withered plants (D:3)
115 creatures vanquished.

Grand Total: 271 creatures vanquished

Notes
Turn   | Place    | Note
-------+----------+-------------------------------------------
     0 | D:1      | terff the Hill Orc Fighter began the quest for the Orb.
     0 | D:1      | Reached XP level 1. HP: 19/19 MP: 1/1
   205 | D:1      | Reached skill level 3 in Axes
   205 | D:1      | Reached XP level 2. HP: 23/27 MP: 2/2
   334 | D:1      | Reached XP level 3. HP: 24/33 MP: 3/3
   814 | D:2      | Reached skill level 4 in Axes
   854 | D:2      | Noticed Terence
   868 | D:2      | Killed Terence
   869 | D:2      | Reached XP level 4. HP: 16/40 MP: 4/4
  1104 | D:2      | Noticed Sigmund
  1131 | D:2      | Killed Sigmund
  1132 | D:2      | Reached skill level 6 in Axes
  1132 | D:2      | Reached XP level 5. HP: 34/47 MP: 5/5
  1132 | D:2      | Reached XP level 6. HP: 38/53 MP: 6/6
  1442 | D:2      | Found a basalt altar of Yredelemnul.
  2203 | D:3      | Found a faded altar of an unknown god.
  2972 | D:4      | You fall into a shaft and drop 2 floors!
  2995 | D:5      | Entered Level 5 of the Dungeon
  3105 | D:4      | Noticed Grinder
  3110 | D:4      | Killed Grinder
  3111 | D:4      | Reached skill level 5 in Fighting
  3111 | D:4      | Reached skill level 7 in Axes
  3111 | D:4      | Reached skill level 5 in Armour
  3111 | D:4      | Reached XP level 7. HP: 61/61 MP: 7/7
  3726 | D:5      | Identified a scroll of acquirement
  3726 | D:5      | Acquired the +8 war axe of Mutilation {flame, rC+}
  3748 | D:5      | Reached skill level 8 in Axes
  4082 | D:5      | Reached XP level 8. HP: 67/68 MP: 8/8
  4462 | D:6      | Reached skill level 9 in Axes
  4462 | D:6      | Reached skill level 1 in Stealth
  5032 | D:6      | Reached skill level 10 in Axes
  5058 | D:6      | Reached skill level 5 in Shields
  5098 | D:6      | Reached skill level 11 in Axes
  5098 | D:6      | Reached XP level 9. HP: 69/75 MP: 9/9
  5215 | D:6      | Reached skill level 12 in Axes
  5244 | D:6      | Noticed a komodo dragon
  5252 | D:6      | Killed a komodo dragon
  5255 | D:6      | Identified the +3 plate armour of Ghostly Creativity {Harm
                  | Rampage rCorr}
  5443 | D:7      | Found Nomeca's Magic Scroll Emporium.
  5451 | D:7      | Bought a scroll of identify for 24 gold pieces
  5451 | D:7      | Bought a scroll of identify for 24 gold pieces
  5451 | D:7      | Bought a scroll of teleportation for 36 gold pieces
  5492 | D:7      | Reached skill level 1 in Dodging
  5589 | D:7      | Noticed Joseph
  5599 | D:7      | Killed Joseph
  5610 | D:7      | Reached XP level 10. HP: 31/84 MP: 10/10
  5614 | D:7      | Reached skill level 13 in Axes
  5628 | D:7      | Found a staircase to the Ecumenical Temple.
  5635 | Temple   | Entered the Ecumenical Temple
  5951 | Temple   | Became a worshipper of Warmaster Okawaru
  6771 | D:8      | Found a bloodstained altar of Trog.
  6807 | D:8      | Found a transporter.
  6807 | D:8      | Found a transporter.
  6810 | D:8      | Noticed a great orb of eyes
  6811 | D:8      | Found a viscous altar of Jiyva.
  6853 | D:8      | Noticed a brown ugly thing
  6853 | D:8      | Noticed Maggie
  6864 | D:8      | Killed a brown ugly thing
  6868 | D:8      | Noticed Prince Ribbit
  6873 | D:8      | HP: 2/129 [slime creature (12)]
  6874 | D:8      | Reached * piety under Okawaru
  6877 | D:8      | Reached skill level 14 in Axes
  6877 | D:8      | Mangled by a slime creature

Illustrated notes

Levels and vault maps discovered:
D:1:      saegor_arrival_simple_d, layout_rooms, minmay_hexomino_u4
D:2:      layout_basic, serial_curves, eino_curves_02, eino_curves_03,
          eino_curves_01, basic_altar, uniq_sigmund, uniq_terence
D:3:      cheibrodos_helix_gallery, layout_loops_cross,
          shapermc_ecumenical_altar_mp_urbaneastern, serial_undead,
          serial_undead_d, serial_undead_b, serial_undead_e, serial_undead_c
D:4:      layout_cave_pods, nicolae_figureground_sparkle, uniq_grinder
D:5:      layout_loops_cross
D:6:      kennysheep_windowed_halls, layout_basic
D:7:      layout_basic, minmay_temple_entry_stoned_glass, serial_shops, shop,
          uniq_joseph
D:8:      gammafunk_jiyva_shrine, layout_loops_cross, lightli_temple_of_fire,
          due_lair_maze_entry_diamond, uniq_prince_ribbit1, uniq_maggie
Temple:   nicolae_temple_the_god_donut

Skill      XL: |  1  2  3  4  5  6  7  8  9 10 |
---------------+-------------------------------+-----
Axes           | 3 4 6 7 8 11 12 14 | 14.0
Fighting       | 4 5 6 7 |  7.5
Armour         | 4 5 6 7 8 |  8.3
Shields        | 4 5 6 7 |  7.0
Stealth        | 1 |  1.5
Dodging        | 1 |  1.1
Evocations     | |  0.4

Action                   |  1- 3 |  4- 6 |  7- 9 | 10-12 || total
-------------------------+-------+-------+-------+-------++-------
Melee: War axe           |    72 |   141 |   130 |    44 ||   387
Evoke: Wand              |       |     3 |       |       ||     3
  Use: Scroll            |     1 |     4 |     9 |     6 ||    20
       Potion            |       |     1 |     1 |     2 ||     4
Armor: Scale mail        |    27 |       |       |       ||    27
       Plate armour      |    24 |    82 |    75 |    19 ||   200
Dodge: Dodged            |    33 |    38 |    23 |    13 ||   107
Block: Buckler           |    23 |    36 |    60 |    27 ||   146
       Reflection        |       |       |     4 |     3 ||     7
